 Dungeon Crawl Stone Soup version 0.31-a0-836-g3ceb0a68c4 (webtiles) character file.

Game seed: 2833401351311188696

96762 javelincjr the Warrior (level 15, 0/131 HPs)
             Began as a Demonspawn Fighter on Sept 26, 2023.
             Was the Champion of Qazlal.
             Killed from afar by a merfolk aquamancer (21 damage)
             ... with a torrent of water
             ... on level 4 of the Shoals.
             The game lasted 01:01:58 (18307 turns).

javelincjr the Warrior (Demonspawn Fighter)        Turns: 18307, Time: 01:01:59

Health: 0/131      AC: 33    Str: 33    XL:     15   Next: 70%
Magic:  0/32       EV: 17    Int:  8    God:    Qazlal [******]
Gold:   1786       SH:  8    Dex: 23    Spells: 14/14 levels left

rFire   . . .        D - +8 war axe of the Warrior-Mage {freeze, rElec Str+8 Int-2}
rCold   + . .        (no shield)
rNeg    . . .        K - +4 scale mail {rC+}
rPois   .            T - +2 helmet {SInv}
rElec   +            r - +2 cloak
rCorr   .            Z - +2 pair of gloves {Str+3}
SInv    +            e - +2 pair of boots
Will    +....        P - amulet of guardian spirit Stlth
                     w - +6 ring of dexterity
HPRegen 0.41/turn    E - ring "Wemavvyb" {Will- MP+9 Dex+3 SInv}
MPRegen 0.23/turn

%: repel missiles, guardian spirit
@: lethally poisoned (0 -> -1), protected from physical damage, studying
Shapeshifting
A: claws 1, foul stench 3, spiny 2, sharp scales 3, strong-willed 1, MP-powered
wands
a: Renounce Religion, Upheaval, Elemental Force, Disaster Area


You were on level 4 of the Shoals.
You worshipped Qazlal.
Qazlal was exalted by your worship.
You visited 4 branches of the dungeon, and saw 21 of its levels.
You also visited: Sewer.

You collected 2124 gold pieces.
You spent 338 gold pieces at shops.

Inventory:

Hand Weapons
 a - a +0 trident
 t - a +4 scythe of protection
 C - a +4 quarterstaff of chaos
 D - the +8 war axe of the Warrior-Mage (weapon) {freeze, rElec Str+8 Int-2}
   (You found it on level 6 of the Dungeon)

   Str+8:     It affects your strength (+8).
   Int-2:     It affects your intelligence (-2).
   rElec:     It insulates you from electricity.
 G - a +0 antimagic demon trident
 M - a +2 antimagic hand axe
Missiles
 m - 14 boomerangs
 x - 50 poisoned darts (quivered)
 F - 6 curare-tipped darts
Armour
 c - a +0 buckler
 e - a +2 pair of boots (worn)
 r - a +2 cloak (worn)
 J - a +0 crystal plate armour
 K - a +4 scale mail of cold resistance (worn)
 O - +0 acid dragon scales
 T - a +2 helmet of see invisible (worn)
 Z - a +2 pair of gloves of strength (worn)
Jewellery
 b - an amulet of reflection
 i - a ring of fire
 w - a +6 ring of dexterity (left hand)
 E - the ring "Wemavvyb" (right hand) {Will- MP+9 Dex+3 SInv}
   (You found it on level 7 of the Dungeon)

   [ring of magical power]

   Dex+3:     It affects your dexterity (+3).
   Will-:     It decreases your willpower.
   MP+9:      It affects your magic capacity (+9).
   SInv:      It lets you see invisible.
 P - an amulet of guardian spirit (around neck)
 Q - a +5 ring of evasion
Wands
 h - a wand of flame (41)
 l - a wand of paralysis (4)
 B - a wand of polymorph (20)
 H - a wand of mindburst (33)
 X - a wand of quicksilver (10)
Scrolls
 f - 3 scrolls of fog
 j - 5 scrolls of teleportation
 k - 5 scrolls of blinking
 n - 4 scrolls of noise
 o - 3 scrolls of vulnerability
 q - a scroll of fear
 u - a scroll of amnesia {unknown}
 v - 5 scrolls of revelation
 y - 7 scrolls of immolation
 I - 3 scrolls of butterflies {unknown}
 N - 2 scrolls of enchant weapon {unknown}
 U - 3 scrolls of torment {unknown}
Potions
 d - 6 potions of might
 g - 5 potions of heal wounds
 p - 4 potions of brilliance
 s - 3 potions of mutation
 z - 7 potions of enlightenment
 A - 6 potions of curing
 L - 3 potions of magic
 R - a potion of haste {unknown}
 S - 3 potions of cancellation
 V - a potion of attraction {unknown}
 W - 2 potions of ambrosia
 Y - 2 potions of berserk rage


   Skills:
 * Level 16.1 Fighting
 - Level 1.2 Short Blades
 + Level 9.7(10.7) Axes
 - Level 7.1(9.4) Polearms
 + Level 11.1 Armour
 + Level 8.0 Dodging
 + Level 11.0 Shields
 + Level 11.4 Invocations


You had 14 spell levels left.
You didn't know any spells.
Your spell library contained the following spells:

 Spells                   Type           Power      Damage    Failure   Level
 Magic Dart               Conj           0%         1d3       58%         1
 Sandblast                Erth           0%         2d4       58%         1
 Call Imp                 Summ           0%         N/A       73%         2
 Cigotuvi's Dreadful Rot  Necr/Pois/Air  0%         N/A       73%         2
 Passwall                 Tmut/Erth      0%         N/A       73%         2
 Ignite Poison            Fire/Tmut/Pois 0%         N/A       91%         3
 Mephitic Cloud           Conj/Pois/Air  0%         N/A       91%         3
 Stone Arrow              Conj/Erth      0%         3d7       91%         3
 Brom's Barrelling Bould  Conj/Erth      0%         2d3       100%        4
 Alistair's Intoxication  Tmut/Pois      0%         N/A       100%        5
 Borgnjor's Vile Clutch   Necr/Erth      0%         N/A       100%        5
 Freezing Cloud           Conj/Ice/Air   0%         6-21      100%        5
 Iskenderun's Battlesphe  Conj           0%         2d6       100%        5
 Bombard                  Conj/Erth      0%         9d1       100%        6
 Eringya's Noxious Bog    Tmut/Pois      0%         4d6       100%        6
 Spellforged Servitor     Conj/Summ      0%         N/A       100%        7


Dungeon Overview and Level Annotations

Branches:
Dungeon (11/15)            Temple (1/1) D:4            Lair (5/5) D:8
 Shoals (4/4) Lair:3        Snake (0/4) Lair:3        Slime (0/5) Lair:5
    Orc (0/2) D:9           Sewer (visited)

Altars:
Ashenzari
Cheibriados
Dithmenos
Fedhas
Gozag
Hepliaklqana
Kikubaaqudgha
Makhleb
Nemelex Xobeh
Okawaru
Qazlal
Ru
Sif Muna
Trog
Uskayaw
Vehumet
Wu Jian
Xom
Yredelemnul
Jiyva

Shops:
D:4 !   D:5 ?   D:6 (   D:10 *

Annotations:
Shoals:4 Ilsuiw


Innate Abilities, Weirdness & Mutations

You have sharp fingernails.
You frequently emit foul miasma when damaged in melee.
You are mostly covered in sharp spines.
You are completely covered in razor-sharp scales. (AC +3, Slay +3)
You are strong-willed. (Will+)
You expend magic power (3 MP) to strengthen your wands.


Message History

A merfolk aquamancer comes into view.
It is wielding a +0 rapier of protection.
Blink to where?
Press: ? - help, Q - select action, (/) - cycle Dir - move target, f - you
Okay, then.
Read: 2 scrolls of fear
Press: ? - help, Q - select action, (/) - cycle Dir - look around, f - activate
As you read the scroll of fear, it crumbles to dust.
You assume a fearsome visage.
Ilsuiw looks frightened!
The merfolk siren looks frightened! x2
The merfolk looks frightened!
The merfolk siren looks frightened!
The merfolk javelineer looks frightened!
The merfolk javelineer easily resists.
The manticore looks frightened!
The merfolk aquamancer resists with almost no effort.
The merfolk aquamancer looks frightened!
The merfolk looks frightened!
The merfolk looks frightened!
The merfolk siren stops singing. x2
You are no longer entranced.
You feel sick.
You hear an angry hiss.
The merfolk aquamancer casts a spell.
The merfolk aquamancer blinks!
Ilsuiw mumbles some strange words.
Ilsuiw blinks!
The merfolk javelineer throws a javelin.
The javelin completely misses you.
You feel sick.
Ilsuiw gibbers meaninglessly.
Ilsuiw mumbles some strange words.
Ilsuiw blinks!
The merfolk javelineer throws a javelin.
The javelin is repelled.
The merfolk javelineer prays for help.
Things that are here:
a +1 trident of freezing; a +0 robe You feel sick.
The merfolk aquamancer casts a spell at you.
The torrent of water hits you!!
You die...

~ ~. ... ... ....
.... #.... .....
#.....
......######≈...).
......m°...m§.....
.....○.°)§....m.≈.
.......§)@§))m...#
........†m☼.).mH..
.........○...m...#
..................
.......)......m..#
..........§....≈m.
..............m.$
......~~.....[..


You could see Ilsuiw (invisible, fleeing), 2 merfolk javelineers, a merfolk
aquamancer, 3 merfolk, a manticore (fleeing) and 3 merfolk sirens.

Vanquished Creatures
  Rupert (Lair:5)
  Gastronok (D:8)
  Donald (Shoals:1)
  A fenstrider witch (Shoals:3)
  2 merfolk javelineers (Shoals:4)
  4 hydras
  3 merfolk aquamancers
  2 merfolk avatars
  2 two-headed ogres (D:9)
  19 death yaks
  A boulder beetle (Lair:3)
  4 catoblepae
  Sonja (D:10)
  2 skysharks
  5 sea snakes
  18 harpies
  A lindwurm (Lair:3)
  A deep elf pyromancer (D:10)
  5 oklob plants (Lair:5)
  A deep elf zephyrmancer (D:10)
  10 manticores
  An ugly thing (D:11)
  2 cyclopes
  3 merfolk sirens
  13 elephants
  4 black mambas
  2 water nymphs
  A gargoyle (D:11)
  20 cane toads
  Maggie (D:6)
  An unseen horror (D:11)
  A rime drake (Lair:3)
  A kobold demonologist (D:11)
  14 komodo dragons
  A tengu conjurer (D:11)
  2 trolls
  A queen bee (Lair:3)
  16 merfolk
  3 meliai (Lair:3)
  Prince Ribbit (D:7)
  A polar bear (Lair:4)
  2 wind drakes (Shoals:2)
  Grinder (D:3)
  16 blink frogs
  4 snapping turtles
  12 dream sheep
  Sigmund (D:3)
  7 wyverns
  A wraith (D:11)
  9 water elementals
  4 basilisks
  61 yaks
  A steam dragon (D:8)
  2 vampire mosquitoes (D:11)
  3 nagas (Lair:3)
  An acid dragon (D:11)
  14 water moccasins
  A swamp drake (D:10)
  3 orc warriors
  2 sky beasts
  2 ice beasts (D:7)
  2 black bears
  19 wolves
  2 centaurs
  2 phantoms
  3 kobold brigands
  9 bullfrogs
  2 gnoll sergeants (D:7)
  4 scorpions
  6 wights
  36 killer bees
  5 howler monkeys
  A crimson imp (D:10)
  A hound (D:5)
  An iron imp (D:10)
  2 jellies (D:4)
  Crazy Yiuf (D:6)
  2 orc priests
  A sleepcap (D:7)
  4 gnoll boudas
  An iguana (D:4)
  5 orc wizards
  18 gnolls
  6 river rats
  7 adders
  A shadow imp (D:10)
  4 white imps
  2 ufetubi (D:5)
  2 worms
  2 dart slugs
  43 orcs
  5 bats
  4 endoplasms
  6 giant cockroaches
  7 goblins
  6 hobgoblins
  4 jackals
  3 quokkas
  6 ball pythons
  2 frilled lizards
  15 kobolds
  13 rats
  2 butterflies (Lair:4)
588 creatures vanquished.

Vanquished Creatures (others)
  A merfolk impaler (Shoals:4)
  A snapping turtle (Shoals:4)
  A white imp (D:10)
3 creatures vanquished.

Grand Total: 591 creatures vanquished

Notes
Turn   | Place    | Note
-------+----------+-------------------------------------------
     0 | D:1      | javelincjr the Demonspawn Fighter began the quest for the
                  | Orb.
     0 | D:1      | Reached XP level 1. HP: 18/18 MP: 1/1
   234 | D:1      | Gained mutation: You may rarely emit foul miasma when
                  | damaged in melee. [demonic ancestry]
   234 | D:1      | Reached XP level 2. HP: 24/24 MP: 2/2
   505 | D:1      | Reached XP level 3. HP: 29/29 MP: 3/3
   816 | D:2      | Identified the +4 dagger "Gamah" {freeze, Drain rC+ Dex+3}
   991 | D:2      | Found a faded altar of an unknown god.
  1654 | D:3      | Gained mutation: You are partially covered in sharp spines.
                  | [demonic ancestry]
  1654 | D:3      | Reached XP level 4. HP: 24/36 MP: 4/4
  1913 | D:3      | Noticed Sigmund
  1926 | D:3      | Killed Sigmund
  1927 | D:3      | Reached skill level 4 in Fighting
  1927 | D:3      | Reached skill level 1 in Short Blades
  1927 | D:3      | Gained mutation: You have sharp fingernails. [demonic
                  | ancestry]
  1927 | D:3      | Reached XP level 5. HP: 42/42 MP: 5/5
  2103 | D:3      | Noticed Grinder
  2115 | D:3      | Killed Grinder
  2116 | D:3      | Gained mutation: You are mostly covered in sharp spines.
                  | [demonic ancestry]
  2116 | D:3      | Reached XP level 6. HP: 25/50 MP: 6/6
  2459 | D:4      | Found a glowing drain.
  2501 | D:4      | Found a staircase to the Ecumenical Temple.
  2528 | Temple   | Entered the Ecumenical Temple
  2548 | Temple   | Became a worshipper of Qazlal Stormbringer
  2586 | Sewer    | Entered a sewer
  2594 | Sewer    | Reached skill level 5 in Fighting
  2594 | Sewer    | Reached XP level 7. HP: 56/56 MP: 7/7
  2871 | D:4      | Found Tynatoa's Distillery.
  2878 | D:4      | Bought a potion of heal wounds for 65 gold pieces
  3091 | D:5      | Entered Level 5 of the Dungeon
  3144 | D:5      | Reached skill level 6 in Fighting
  3206 | D:5      | Found Jucub's Magic Scroll Boutique.
  3211 | D:5      | Bought a scroll of enchant armour for 97 gold pieces
  3254 | D:5      | Gained mutation: You sometimes emit foul miasma when
                  | damaged in melee. [demonic ancestry]
  3254 | D:5      | Reached XP level 8. HP: 59/64 MP: 8/8
  3373 | D:5      | Reached * piety under Qazlal
  3857 | D:5      | Reached skill level 5 in Armour
  3857 | D:5      | Reached skill level 5 in Shields
  4101 | D:5      | Gained mutation: Your spells are a little harder to cast,
                  | but a little more powerful. [potion of mutation]
  4101 | D:5      | Gained mutation: You have large cloven feet. [potion of
                  | mutation]
  4102 | D:5      | Lost mutation: You have large cloven feet. [potion of
                  | mutation]
  4102 | D:5      | Lost mutation: Your spells are a little harder to cast, but
                  | a little more powerful. [potion of mutation]
  4102 | D:5      | Gained mutation: You have hidden genetic defects. [potion
                  | of mutation]
  4388 | D:6      | Found Yniruj's Antique Weapon Shoppe.
  4396 | D:6      | Noticed Maggie
  4402 | D:6      | Killed Maggie
  4403 | D:6      | Reached skill level 7 in Fighting
  4407 | D:6      | Gained mutation: You are dopey. (Int -2) [hidden defects]
  4518 | D:6      | Found a runed translucent door.
  4519 | D:6      | Noticed Crazy Yiuf
  4524 | D:6      | Killed Crazy Yiuf
  4633 | D:6      | Identified the +8 war axe of the Warrior-Mage {freeze,
                  | rElec Str+8 Int-2}
  4813 | D:7      | Reached skill level 5 in Polearms
  4923 | D:7      | Gained mutation: You frequently emit foul miasma when
                  | damaged in melee. [demonic ancestry]
  4923 | D:7      | Reached XP level 9. HP: 73/73 MP: 9/9
  4925 | D:7      | Gained mutation: You are clumsy. (Dex -2) [hidden defects]
  4925 | D:7      | Lost mutation: You have hidden genetic defects. [hidden
                  | defects expressed]
  5108 | D:7      | Identified the ring "Wemavvyb" {Will- MP+9 Dex+3 SInv}
  5222 | D:7      | Reached skill level 1 in Axes
  5355 | D:7      | Noticed Prince Ribbit
  5365 | D:7      | Killed Prince Ribbit
  5366 | D:7      | Reached skill level 8 in Fighting
  5568 | D:7      | Found the +5 woodcutter's axe
  5577 | D:7      | Reached ** piety under Qazlal
  6083 | D:8      | Noticed a death yak
  6085 | D:8      | Noticed a death yak
  6086 | D:8      | Noticed a death yak
  6092 | D:8      | Killed a death yak
  6093 | D:8      | Reached skill level 9 in Fighting
  6150 | D:8      | Killed a death yak
  6151 | D:8      | Gained mutation: You are partially covered in razor-sharp
                  | scales. (AC +1, Slay +1) [demonic ancestry]
  6151 | D:8      | Reached XP level 10. HP: 44/83 MP: 10/10
  6195 | D:8      | Killed a death yak
  6430 | D:8      | Found a staircase to the Lair.
  6698 | D:8      | Noticed Gastronok
  6712 | D:8      | Killed Gastronok
  6713 | D:8      | Reached skill level 10 in Fighting
  7309 | D:9      | Found an ancient bone altar of Kikubaaqudgha.
  7434 | D:9      | Noticed a two-headed ogre
  7444 | D:9      | Killed a two-headed ogre
  7445 | D:9      | Reached XP level 11. HP: 77/92 MP: 11/11
  7533 | D:9      | Found a staircase to the Orcish Mines.
  7541 | D:9      | Reached *** piety under Qazlal
  7758 | D:9      | Noticed a two-headed ogre
  7763 | D:9      | Killed a two-headed ogre
  7967 | D:10     | Entered Level 10 of the Dungeon
  8024 | D:10     | Reached skill level 1 in Invocations
  8030 | D:10     | Reached skill level 11 in Fighting
  8030 | D:10     | Reached skill level 5 in Axes
  8031 | D:10     | Reached skill level 1 in Dodging
  8088 | D:10     | Found a bloodstained altar of Trog.
  8134 | D:10     | Found a shimmering blue altar of Sif Muna.
  8136 | D:10     | Found an ornate altar of the Wu Jian Council.
  8137 | D:10     | Found a radiant altar of Vehumet.
  8138 | D:10     | Found a shimmering altar of Xom.
  8248 | D:10     | Noticed Sonja
  8258 | D:10     | Killed Sonja
  8538 | D:10     | Found Xeuplet's Changing Room.
  8560 | D:10     | Bought a potion of mutation for 88 gold pieces
  8560 | D:10     | Bought a potion of mutation for 88 gold pieces
  8572 | D:10     | Lost mutation: You are dopey. (Int -2) [potion of mutation]
  8572 | D:10     | Lost mutation: You are clumsy. (Dex -2) [potion of
                  | mutation]
  8572 | D:10     | Gained mutation: You are strong-willed. (Will+) [potion of
                  | mutation]
  8572 | D:10     | Gained mutation: You expend magic power (3 MP) to
                  | strengthen your wands. [potion of mutation]
  8856 | D:10     | Reached **** piety under Qazlal
  8925 | D:10     | Noticed a deep elf zephyrmancer
  8928 | D:10     | Killed a deep elf zephyrmancer
  8929 | D:10     | Noticed a deep elf pyromancer
  8932 | D:10     | Killed a deep elf pyromancer
  9034 | D:10     | Identified the +1 ring mail of Usuoran {rPois Int+3}
  9585 | D:11     | Noticed a five-headed hydra
  9593 | D:11     | Killed a five-headed hydra
  9765 | D:11     | Gained mutation: You are mostly covered in razor-sharp
                  | scales. (AC +2, Slay +2) [demonic ancestry]
  9765 | D:11     | Reached XP level 12. HP: 98/102 MP: 15/15
  9785 | D:11     | Reached skill level 12 in Fighting
 10001 | D:11     | Reached ***** piety under Qazlal
 10242 | Lair:1   | Entered Level 1 of the Lair of Beasts
 10256 | Lair:1   | Reached skill level 5 in Invocations
 10678 | Lair:1   | Noticed a catoblepas
 10678 | Lair:1   | Noticed a death yak
 10680 | Lair:1   | Noticed a death yak
 10681 | Lair:1   | Noticed a death yak
 10682 | Lair:1   | Noticed a death yak
 10689 | Lair:1   | Killed a catoblepas
 10690 | Lair:1   | Killed a death yak
 10695 | Lair:1   | Killed a death yak
 10696 | Lair:1   | Killed a death yak
 10697 | Lair:1   | Killed a death yak
 10869 | Lair:1   | Reached skill level 13 in Fighting
 11134 | Lair:1   | Reached XP level 13. HP: 111/111 MP: 18/18
 11343 | Lair:1   | Reached skill level 5 in Dodging
 11597 | Lair:2   | Reached ****** piety under Qazlal
 11907 | Lair:2   | Identified the +0 ring mail "Qinikuen" {rN+}
 12656 | Lair:3   | Reached skill level 14 in Fighting
 12973 | Lair:3   | Found a staircase to the Shoals.
 13039 | Lair:3   | Found a staircase to the Snake Pit.
 13351 | Lair:4   | Reached XP level 14. HP: 120/120 MP: 20/20
 13357 | Lair:4   | Found an ancient bone altar of Kikubaaqudgha.
 13531 | Lair:4   | Identified a scroll of acquirement
 13531 | Lair:4   | Acquired 965 gold pieces
 13758 | Lair:5   | Entered Level 5 of the Lair of Beasts
 13933 | Lair:5   | Reached skill level 10 in Armour
 13940 | Lair:5   | Reached skill level 10 in Shields
 14204 | Lair:5   | Found a staircase to the Slime Pits.
 14204 | Lair:5   | Found a viscous altar of Jiyva.
 14505 | Lair:5   | Noticed Rupert
 14519 | Lair:5   | Killed Rupert
 14696 | Lair:5   | Reached skill level 10 in Invocations
 14699 | Lair:5   | Reached skill level 15 in Fighting
 15433 | Shoals:1 | Entered Level 1 of the Shoals
 15557 | Shoals:1 | Noticed Donald
 15564 | Shoals:1 | Killed Donald
 15565 | Shoals:1 | Gained mutation: You are completely covered in razor-sharp
                  | scales. (AC +3, Slay +3) [demonic ancestry]
 15565 | Shoals:1 | Reached XP level 15. HP: 100/129 MP: 16/22
 17921 | Shoals:3 | Noticed a fenstrider witch
 17921 | Shoals:3 | Paralysed by a fenstrider witch for 4 turns
 17929 | Shoals:3 | Paralysed by a fenstrider witch for 2 turns
 17931 | Shoals:3 | Killed a fenstrider witch
 17932 | Shoals:3 | Reached skill level 16 in Fighting
 17933 | Shoals:3 | Identified the +2 robe of the Moon {rElec rC+}
 18286 | Shoals:4 | Entered Level 4 of the Shoals
 18292 | Shoals:4 | Noticed Ilsuiw
 18307 | Shoals:4 | Killed from afar by a merfolk aquamancer

Illustrated notes

Levels and vault maps discovered:
D:1:      elethiomel_arrival_infinity_welcomes_careful_drivers, layout_basic
D:2:      layout_basic, shapermc_ecumenical_altar_totnotflames, nicolae_titane
D:3:      layout_loops_cross, uniq_grinder, uniq_sigmund
D:4:      layout_basic, minmay_temple_entry_trees, serial_shops, shop,
          gup_sewer_entry_glass
D:5:      layout_gridville, serial_rivers, chequers_serial_rivers_small_b,
          chequers_serial_rivers_micro_a, chequers_serial_rivers_marsh,
          chequers_serial_rivers_micro_e, chequers_serial_rivers_room_b,
          serial_shops, nicolae_shop_hallway_plus
D:6:      layout_rooms, serial_shops, shop, serial_curves, eino_curves_04,
          eino_curves_02, uniq_maggie, uniq_crazy_yiuf_cottage
D:7:      layout_loops_ring, corexii_hall_statues_i,
          pf_guarded_unrand_woodcutter, uniq_prince_ribbit1
D:8:      layout_basic, dpeg_lair_monsters, uniq_gastronok
D:9:      layout_gridville, lemuel_coloured_pillars_altar, david_orc_5
D:10:     layout_basic, minitemple, nicolae_transmutations_shop,
          hangedman_minor_magic, uniq_sonja
D:11:     layout_long_grid, minmay_bent
Temple:   lightli_temple_of_artemis
Lair:1:   layout_regular_city, serial_bayou_lagoon_a, grunt_megastairs_1,
          infiniplex_staircase_pool
Lair:2:   layout_misc_corridors, infiniplex_staircase_pool_2
Lair:3:   regret_index_tunnel_blossom, layout_misc_corridors,
          minmay_shoals_entry_lonely_mermaid, nicolae_snake_entry_squirm
Lair:4:   layout_roguey, basic_altar, lemuel_fruit_fields, grunt_megastairs_5
Lair:5:   evilmike_catoblepas_cave, layout_regular_city,
          minmay_slime_entry_oklob_open, patterned_corridor, uniq_rupert
Shoals:1: layout_shoals, uniq_donald
Shoals:2: layout_shoals, nicolae_shoals_stone_sculpture_thing
Shoals:3: layout_shoals, nicolae_shoals_beach_house_on_fowls_legs
Shoals:4: shoals_end_hangedman, layout_shoals, shoals_ilsuiw_ice,
          ebering_ghost_reflecting_pool

Skill      XL: |  1  2  3  4  5  6  7  8  9 10 11 12 13 14 15 |
---------------+----------------------------------------------+-----
Polearms       | 2 3 4 5 6 7 |  7.1
Armour         | 3 4 5 6 7 8 9 10 11 | 11.1
Shields        | 3 4 5 6 7 8 9 10 11 | 11.0
Fighting       | 4 5 6 7 9 10 11 13 14 15 16 | 16.1
Short Blades   | 1 |  1.2
Axes           | 3 4 5 6 8 9 |  9.7
Invocations    | 4 6 8 10 11 | 11.4
Dodging        | 2 4 6 7 8 |  8.0

Action                     |  1- 3 |  4- 6 |  7- 9 | 10-12 | 13-15 || total
---------------------------+-------+-------+-------+-------+-------++-------
  Melee: Trident           |    77 |       |       |       |       ||    77
         Dagger            |    53 |    26 |       |       |       ||    79
         Halberd           |       |    28 |   123 |       |       ||   151
         War axe           |       |       |    68 |   320 |   579 ||   967
         Punch             |       |       |     1 |     4 |    13 ||    18
         Quarterstaff      |       |       |       |     5 |     8 ||    13
  Throw: Dart              |       |       |       |    13 |     8 ||    21
 Invoke: Upheaval          |       |       |       |       |     8 ||     8
         Elemental Force   |       |       |       |       |     1 ||     1
         Disaster Area     |       |       |       |       |     1 ||     1
    Use: Scroll            |       |       |    10 |     4 |    10 ||    24
         Potion            |       |       |     2 |     1 |     1 ||     4
 Armour: Scale mail        |    62 |     7 |       |   205 |   453 ||   727
         Chain mail        |       |    22 |   144 |    41 |       ||   207
  Dodge: Dodged            |    43 |    13 |    57 |   146 |   375 ||   634
         Repelled          |       |       |       |     4 |    11 ||    15
  Block: Buckler           |    20 |     4 |       |       |       ||    24
         Other             |       |       |     7 |    66 |   240 ||   313

Table legend: (Time is in decaauts)
 A = Elapsed time spent in this place.
 B = Non-inter-level travel time spent in this place.
 C = Inter-level travel time spent in this place.
 D = Time resting spent in this place.
 E = Time spent auto-exploring this place.
 F = Levels seen in this place.
 G = Mean time per level.
                   A        B        C        D        E       F      G
               +--------+--------+--------+--------+--------+-----+--------+
         Total |  18732 |  17803 |    929 |    805 |  13709 |  22 |  851.5 |
       Dungeon |  10199 |   9564 |    635 |    250 |   7540 |  11 |  927.2 |
        Temple |     40 |      3 |     37 |      0 |      0 |   1 |   40.0 |
          Lair |   5231 |   5051 |    180 |    520 |   3634 |   5 | 1046.2 |
        Shoals |   3095 |   3019 |     76 |     35 |   2429 |   4 |  773.8 |
         Sewer |    165 |    165 |      0 |      0 |    104 |   1 |  165.0 |
               +--------+--------+--------+--------+--------+-----+--------+

Top non-repeatable levels by time:
  Lair:5: 1541 daAuts
  Lair:1: 1246 daAuts
    D:10: 1215 daAuts
     D:8: 1186 daAuts
     D:5: 1077 daAuts
     D:9: 1070 daAuts
    D:11: 1045 daAuts
Shoals:3: 1029 daAuts
Shoals:1: 1025 daAuts
Shoals:2: 1019 daAuts
  Lair:3: 987 daAuts
     D:7: 981 daAuts
     D:3: 840 daAuts
     D:1: 815 daAuts
  Lair:2: 788 daAuts
